 Dungeon Crawl Stone Soup version 0.20.1-1-g8b1a95d (webtiles) character file.

16 vatarom the Chopper (level 2, 0/24 HPs)
             Began as a Demonspawn Chaos Knight on Sept 1, 2017.
             Killed by a magical explosion (19 damage)
             ... on level 1 of the Dungeon.
             The game lasted 00:01:52 (662 turns).

vatarom the Chopper (Demonspawn Chaos Knight)        Turns: 662, Time: 00:01:53

Health: 0/24       AC:  5    Str: 12    XL:     2   Next: 37%
Magic:  2/2        EV: 10    Int: 13    God:    Xom [...*..]
Gold:   57         SH:  3    Dex: 12    Spells: 1/1 levels left

rFire    . . .     SeeInvis .   a - +1 hand axe (chaos)
rCold    . . .     Gourm    .   e - +0 buckler
rNeg     . . .     Faith    .   b - +2 leather armour
rPois    .         Spirit   .   (no helmet)
rElec    .         Reflect  .   (no cloak)
rCorr    .         Harm     .   (no gloves)
MR       .....                  (no boots)
Stlth    +.........             (no amulet)
Regen    0.1/turn               (no ring)
MPRegen  0.1/turn               (no ring)

@: very heavily contaminated, glowing
A: hooves 1, no potion heal 1
a: Renounce Religion


You were on level 1 of the Dungeon.
You worshipped Xom.
You were a favourite toy of Xom.
You were not hungry.

You visited 1 branch of the dungeon, and saw 1 of its levels.

You collected 57 gold pieces.

Inventory:

Hand Weapons
 a - a +1 hand axe of chaos (weapon)
Armour
 b - a +2 leather armour (worn)
 e - a +0 buckler (worn)
Scrolls
 d - a scroll of enchant weapon
Comestibles
 c - a bread ration
 g - a meat ration


   Skills:
 - Level 3.0 Fighting
 - Level 3.2 Axes
 - Level 1.7 Armour
 - Level 0.8 Dodging
 + Level 0.8 Shields


You had one spell level left.
You didn't know any spells.

Dungeon Overview and Level Annotations

Branches:
Dungeon (1/15)

Altars:
Xom


Innate Abilities, Weirdness & Mutations

You have large cloven feet.
Potions are less effective at restoring your health.


Message History

The hobgoblin twists and deforms.
The hobgoblin barely misses you.
The hobgoblin is engulfed in mutagenic fog.
The hobgoblin hits you but does no damage.
The hobgoblin is engulfed in mutagenic fog.
The hobgoblin twists and deforms.
The hobgoblin hits you.
Press: ? - help, v - describe, . - travel
Here: a hobgoblin (heavily wounded, misshapen and mutated)
The floor.
The hobgoblin hits you but does no damage.
The hobgoblin hits you.
You barely miss the hobgoblin. You kick the hobgoblin.
You kill the hobgoblin!
No target in view!
No target in view!
You start resting.
Your body shudders with the violent release of wild energies!
The magical storm engulfs you!
Ouch! That really hurt!
You die...
Xom is highly amused!

#....###...########..........'
#..........#### #..........#
#.............# ##.........#
#.............# #.........#
#######.......######.......(.#
#.......................
########.......................
#........[...............b.....
#.............@#####...........
#............†.#...#...........
#....####......#...#...........
#.[..###.......#...#........###
#........#_[...#...#....>......
#...####.#.#>..................
#........#.#...................
#....#()[#.##........#####...##
#....#......#........# #...##


There were no monsters in sight!

Vanquished Creatures
  A ball python (D:1)
  2 bats (D:1)
  A giant cockroach (D:1)
  2 goblins (D:1)
  2 hobgoblins (D:1)
  2 jackals (D:1)
  A frilled lizard (D:1)
  3 rats (D:1)
14 creatures vanquished.

Notes
Turn   | Place    | Note
-------+----------+-------------------------------------------
     0 | D:1      | vatarom the Demonspawn Chaos Knight began the quest for the Orb.
     0 | D:1      | Reached XP level 1. HP: 18/18 MP: 1/1
    45 | D:1      | XOM: harmless Summ miscast
   115 | D:1      | Gained mutation: You have large cloven feet. [demonic ancestry]
   115 | D:1      | Reached XP level 2. HP: 24/24 MP: 2/2
   338 | D:1      | XOM: divination: detect creatures
   537 | D:1      | XOM: god gift: glowing robe {god gift}
   596 | D:1      | XOM: cloud trail
   611 | D:1      | Gained mutation: Potions are less effective at restoring your health. [mutagenic glow]
   638 | D:1      | XOM: scenery: create altars
   662 | D:1      | Killed by a magical explosion

Skill      XL: |  1 |
---------------+----+-----
Axes           | 3 |  3.2
Fighting       | |  3.0
Armour         | |  1.7
Dodging        | |  0.8
Shields        | |  0.8

Action                   || total
-------------------------++-------
Melee: Hand axe          ||    30
       Kick              ||     5
  Use: Scroll            ||     2
       Potion            ||     2
 Stab: Sleeping          ||     1
Armor: Leather armour    ||    18
Dodge: Dodged            ||    20
Block: Buckler           ||     6
